 Dungeon Crawl Stone Soup version 0.26-a0-651-gb41185065b (webtiles) character file.

Game seed: 12644644879044627653

486 tof the Fighter (level 7, -1/63 HPs)
             Began as a Gnoll Wanderer on Sept 29, 2020.
             Was an Initiate of Wu Jian.
             Slain by a worker ant (4 damage)
             ... on level 2 of the Dungeon.
             The game lasted 00:11:58 (6842 turns).

tof the Fighter (Gnoll Wanderer)                    Turns: 6842, Time: 00:11:58

Health: -1/63      AC:  3    Str: 15    XL:     7   Next: 13%
Magic:  10/10      EV: 12    Int: 15    God:    Wu Jian [......]
Gold:   147        SH:  0    Dex: 15    Spells: 10/10 levels left

rFire    . . .     SeeInvis +   p - +0 spear (pain)
rCold    . . .     Faith    .   (no shield)
rNeg     . . .     Spirit   .   o - +0 leather armour (curse)
rPois    .         Reflect  .   (no helmet)
rElec    .         Harm     .   (no cloak)
rCorr    .         Rampage  .   (no gloves)
MR       .....                  (no boots)
Stlth    +++.......             t - amulet of magic regeneration
HPRegen  0.20/turn              r - ring of see invisible
MPRegen  0.37/turn              (no ring)

@: lethally poisoned (-1 -> -10)
A: distributed training, fangs 1, strong nose
a: Renounce Religion


You were on level 2 of the Dungeon.
You worshipped Wu Jian.
Wu Jian was noncommittal.
You visited 2 branches of the dungeon, and saw 5 of its levels.

You collected 147 gold pieces.

Inventory:

Hand Weapons
 a - a +2 falchion
 d - a +0 dagger
 p - a +0 spear of pain (weapon)
Missiles
 s - 10 javelins (quivered)
Armour
 f - a +0 leather armour
 o - a cursed +0 leather armour (worn)
Jewellery
 r - a ring of see invisible (left hand)
 t - an amulet of magic regeneration (around neck)
Scrolls
 c - 6 scrolls of identify
 g - a scroll of enchant armour {unknown}
 h - 6 scrolls of teleportation {unknown}
 i - 3 scrolls of amnesia {unknown}
 j - a scroll of enchant weapon {unknown}
 k - 6 scrolls of remove curse {unknown}
 m - a scroll of fog {unknown}
 q - 2 scrolls of fear {unknown}
 u - a scroll of blinking {unknown}
 v - a scroll of magic mapping {unknown}
Potions
 b - 3 potions of curing
 e - 2 potions of magic
 l - a potion of brilliance {unknown}
 n - a potion of mutation {unknown}


   Skills:
 + Level 8.8 Fighting
 + Level 2.3 Short Blades
 + Level 5.1 Long Blades
 + Level 2.3 Axes
 + Level 2.3 Maces & Flails
 + Level 2.3 Polearms
 + Level 2.3 Staves
 + Level 2.3 Slings
 + Level 2.3 Bows
 + Level 2.3 Crossbows
 + Level 3.5 Throwing
 + Level 2.3 Armour
 + Level 2.3 Dodging
 + Level 4.8 Stealth
 + Level 2.3 Shields
 + Level 2.3 Unarmed Combat
 + Level 2.3 Spellcasting
 + Level 1.8 Conjurations
 + Level 1.8 Hexes
 + Level 1.8 Summonings
 + Level 1.8 Necromancy
 + Level 1.8 Translocations
 + Level 1.8 Transmutations
 + Level 1.8 Fire Magic
 + Level 1.8 Ice Magic
 + Level 1.8 Air Magic
 + Level 1.8 Earth Magic
 + Level 1.8 Poison Magic
 + Level 2.5 Invocations
 + Level 3.5 Evocations


You had 10 spell levels left.
You didn't know any spells.
Your spell library was empty.

Dungeon Overview and Level Annotations

Branches:
Dungeon (4/15)             Temple (1/1) D:4

Altars:
Elyvilon
Fedhas
Qazlal
Wu Jian
Yredelemnul

Annotations:
D:4 2 transporters, zikan's ghost, novice MfGl


Innate Abilities, Weirdness & Mutations

Your experience applies equally to all skills.
You have very sharp teeth.
Your uncanny sense of smell can sniff out nearby items.


Message History

* * * LOW HITPOINT WARNING * * *
You are more poisoned.
The worker ant poisons you!
You feel sick.
You feel sick.
There is a stone staircase leading up here.
The worker ant bites you.
* * * LOW HITPOINT WARNING * * *
You climb upwards.
You feel sick.
There is a stone staircase leading down here.
You hit the worker ant but do no damage.
You feel sick. The worker ant barely misses you.
You hit the worker ant but do no damage.
The worker ant writhes in agony.
Your bite misses the worker ant.
The worker ant is lightly wounded.
You feel sick. The worker ant bites you.
* * * LOW HITPOINT WARNING * * *
You are more poisoned.
The worker ant poisons you! The worker ant bites you.
You die...

#.# ##.##.# #.######### #.#
#.##.# #..........
#.#######.#..## ###########
#.##....###...# #..........
#.#....##....## ##.#####.#..
#.....##.)...# #..#...#.#..
##....##......# ###.#....#.#..
##....##......a###.._...###.#..
#....##.......@....#.##.# #.#..
#..###....##########..#.# #.#..
#### ###### ##.#.# #.#..
#.#.###.... #.#.......<
#.######### #..........
###########


You could see a worker ant.

Vanquished Creatures
  An ogre (D:4)
  A scorpion (D:4)
  A hound (D:3)
  An orc wizard (D:3)
  An orc priest (D:4)
  2 worker ants (D:4)
  Robin (D:3)
  8 adders
  A gnoll (D:3)
  5 worms
  A dart slug (D:3)
  2 leopard geckos
  9 orcs
  4 giant cockroaches
  17 goblins
  16 hobgoblins
  8 jackals
  A quokka (D:2)
  8 bats
  3 frilled lizards (D:3)
  9 kobolds
  6 rats
106 creatures vanquished.

Notes
Turn   | Place    | Note
-------+----------+-------------------------------------------
     0 | D:1      | tof the Gnoll Wanderer began the quest for the Orb.
     0 | D:1      | tof set off with the following items: a +2 falchion, 2
                  | potions of curing, a +0 robe, a +0 dagger
     0 | D:1      | Reached XP level 1. HP: 26/26 MP: 1/1
   361 | D:1      | Reached XP level 2. HP: 29/33 MP: 2/2
   989 | D:1      | Reached XP level 3. HP: 38/38 MP: 3/3
  1330 | D:2      | Found a blossoming altar of Fedhas.
  1351 | D:2      | Reached skill level 1 in Invocations
  1634 | D:2      | Reached skill level 1 in Short Blades
  1634 | D:2      | Reached skill level 1 in Axes
  1634 | D:2      | Reached skill level 1 in Maces & Flails
  1634 | D:2      | Reached skill level 1 in Polearms
  1634 | D:2      | Reached skill level 1 in Staves
  1634 | D:2      | Reached skill level 1 in Slings
  1634 | D:2      | Reached skill level 1 in Bows
  1634 | D:2      | Reached skill level 1 in Crossbows
  1634 | D:2      | Reached skill level 1 in Armour
  1634 | D:2      | Reached skill level 1 in Dodging
  1634 | D:2      | Reached skill level 1 in Shields
  1634 | D:2      | Reached skill level 1 in Unarmed Combat
  1634 | D:2      | Reached skill level 1 in Spellcasting
  1762 | D:2      | Reached XP level 4. HP: 13/45 MP: 5/5
  2595 | D:2      | Found a white marble altar of Elyvilon.
  2637 | D:2      | Reached skill level 1 in Conjurations
  2637 | D:2      | Reached skill level 1 in Hexes
  2637 | D:2      | Reached skill level 1 in Summonings
  2637 | D:2      | Reached skill level 1 in Necromancy
  2637 | D:2      | Reached skill level 1 in Translocations
  2637 | D:2      | Reached skill level 1 in Transmutations
  2637 | D:2      | Reached skill level 1 in Fire Magic
  2637 | D:2      | Reached skill level 1 in Ice Magic
  2637 | D:2      | Reached skill level 1 in Air Magic
  2637 | D:2      | Reached skill level 1 in Earth Magic
  2637 | D:2      | Reached skill level 1 in Poison Magic
  3074 | D:3      | Reached XP level 5. HP: 41/51 MP: 6/6
  4530 | D:3      | Found a stormy altar of Qazlal.
  4634 | D:3      | Noticed Robin
  4893 | D:3      | Reached XP level 6. HP: 36/57 MP: 8/8
  4941 | D:3      | Killed Robin
  5222 | D:4      | Found a transporter.
  5222 | D:4      | Noticed zikan's ghost (novice MfGl)
  5244 | D:4      | Reached skill level 5 in Long Blades
  5521 | D:4      | Found a transporter.
  5857 | D:4      | Reached XP level 7. HP: 12/63 MP: 10/10
  6111 | D:4      | Found a staircase to the Ecumenical Temple.
  6117 | Temple   | Entered the Ecumenical Temple
  6157 | Temple   | Became a worshipper of the Wu Jian Council
  6842 | D:2      | HP: 3/63 [worker ant (5)]
  6842 | D:2      | Slain by a worker ant

Illustrated notes

Levels and vault maps discovered:
D:1:      minmay_arrival_glassed_features, layout_basic
D:2:      layout_basic, lemuel_crystal_altar, nrook_mini_backslash,
          fedhas_altar_1
D:3:      minmay_recursive_quarters, layout_basic, grunt_qazlal_sundering,
          uniq_robin
D:4:      black_bear_nest_1, layout_loops_ring, vehumet_altar_wand_db,
          gammafunk_temple_overflow_statue, minmay_temple_entry_waves,
          gammafunk_ghost_arena, minivault_27
Temple:   minmay_temple_curvy_loop

Skill      XL: |  1  2  3  4  5  6 |
---------------+-------------------+-----
Invocations    | 1 2 |  2.5
Short Blades   | 1 2 |  2.3
Axes           | 1 2 |  2.3
Maces & Flails | 1 2 |  2.3
Polearms       | 1 2 |  2.3
Staves         | 1 2 |  2.3
Slings         | 1 2 |  2.3
Bows           | 1 2 |  2.3
Crossbows      | 1 2 |  2.3
Armour         | 1 2 |  2.3
Dodging        | 1 2 |  2.3
Shields        | 1 2 |  2.3
Unarmed Combat | 1 2 |  2.3
Spellcasting   | 1 2 |  2.3
Conjurations   | 1 |  1.8
Hexes          | 1 |  1.8
Summonings     | 1 |  1.8
Necromancy     | 1 |  1.8
Translocations | 1 |  1.8
Transmutations | 1 |  1.8
Fire Magic     | 1 |  1.8
Ice Magic      | 1 |  1.8
Air Magic      | 1 |  1.8
Earth Magic    | 1 |  1.8
Poison Magic   | 1 |  1.8
Throwing       | 3 |  3.5
Evocations     | 3 |  3.5
Long Blades    | 5 |  5.1
Fighting       | |  8.8
Stealth        | |  4.8

Action                   |  1- 3 |  4- 6 |  7- 9 || total
-------------------------+-------+-------+-------++-------
Melee: Falchion          |    56 |       |       ||    56
       Bite              |    12 |    28 |     4 ||    44
       Punch             |     1 |     1 |       ||     2
       Spear             |    57 |   318 |    22 ||   397
Throw: Javelin           |       |     2 |       ||     2
Invok: Lunge             |       |       |     4 ||     4
  Use: Scroll            |       |       |     1 ||     1
       Potion            |       |       |     1 ||     1
 Stab: Sleeping          |     6 |     3 |       ||     9
Armor: Robe              |     8 |       |       ||     8
       Leather armour    |    14 |    73 |     3 ||    90
Dodge: Dodged            |    69 |   218 |    15 ||   302
       Rpst.: Falchion   |    14 |       |       ||    14

Table legend: (Time is in decaauts)
 A = Elapsed time spent in this place.
 B = Non-inter-level travel time spent in this place.
 C = Inter-level travel time spent in this place.
 D = Time resting spent in this place.
 E = Time spent auto-exploring this place.
 F = Levels seen in this place.
 G = Mean time per level.
                   A        B        C        D        E       F      G
               +--------+--------+--------+--------+--------+-----+--------+
         Total |   6864 |   6752 |    112 |   3767 |   1720 |   5 | 1372.8 |
       Dungeon |   6794 |   6711 |     83 |   3767 |   1685 |   4 | 1698.5 |
        Temple |     69 |     40 |     29 |      0 |     35 |   1 |   69.0 |
               +--------+--------+--------+--------+--------+-----+--------+

Top non-repeatable levels by time:
     D:3: 2331 daAuts
     D:2: 1782 daAuts
     D:4: 1391 daAuts
     D:1: 1288 daAuts
  Temple: 69 daAuts
